TOP OF THE 1ST |
Richardson City Thundercats batting - Pitching for Chicago Gold Sox : LHP Keisuke Nishida
|
Pitching: LHP Keisuke Nishida
|
|
Batting: RHB Louis Gibbons
|
0-0: Ground out 6-3 (Groundball, 6)
|
Batting: RHB IV Seacat
|
0-0: Called Strike 0-1: Ground out 1-3 (Groundball, 13S)
|
Batting: RHB Javier Rivera
|
0-0: Ball 1-0: Ball 2-0: Foul Ball, location: 2F 2-1: Ball 3-1: Foul Ball, location: 2F 3-2: Fly out, F7 (Flyball, 7S)
|
Top of the 1st over - 0 runs, 0 hits, 0 errors, 0 left on base; Richardson City 0 - Chicago 0 |
BOTTOM OF THE 1ST |
Chicago Gold Sox batting - Pitching for Richardson City Thundercats : LHP Alec Pittman
|
Pitching: LHP Alec Pittman
|
|
Batting: LHB Stanley Belote
|
0-0: Fly out, F5 (Popup, 5)
|
Pitching: RHP Héctor Alarcon
|
|
Batting: LHB Noel Ballard
|
0-0: Called Strike 0-1: Called Strike 0-2: Strikes out swinging
|
Batting: SHB Lupo Cotto
|
0-0: Ground out U3 (Groundball, 3L)
|
Bottom of the 1st over - 0 runs, 0 hits, 0 errors, 0 left on base; Richardson City 0 - Chicago 0 |
TOP OF THE 2ND |
Richardson City Thundercats batting - Pitching for Chicago Gold Sox : LHP Keisuke Nishida
|
Batting: RHB Tomás Martínez
|
0-0: Called Strike 0-1: Called Strike 0-2: Foul Ball, location: 2F 0-2: Strikes out swinging
|
Batting: RHB Bruce Ingilby
|
0-0: Called Strike 0-1: Fly out, F8 (Flyball, 89M)
|
Batting: RHB Anselmo Berneu
|
0-0: Ball 1-0: Swinging Strike 1-1: Ground out 6-3 (Groundball, 6MS)
|
Top of the 2nd over - 0 runs, 0 hits, 0 errors, 0 left on base; Richardson City 0 - Chicago 0 |
BOTTOM OF THE 2ND |
Chicago Gold Sox batting - Pitching for Richardson City Thundercats : RHP Héctor Alarcon
|
Batting: LHB Dewitt Hopper
|
0-0: Ball 1-0: Called Strike 1-1: Ball 2-1: Foul Ball, location: 2F 2-2: Ball 3-2: Fly out, F8 (Flyball, 8LD)
|
Batting: RHB Manuel Guillama
|
0-0: Foul Ball, location: 2F 0-1: Ball 1-1: SINGLE (Line Drive, 56D)
|
Batting: LHB Melvin Castro
|
0-0: Called Strike 0-1: Fly out, F7 (Line Drive, 7D)
|
Batting: RHB Zeus Preckwinkle
|
0-0: Foul Ball, location: 2F 0-1: Ball 1-1: Foul Ball, location: 2F 1-2: Ball 2-2: Strikes out looking
|
Bottom of the 2nd over - 0 runs, 1 hit, 0 errors, 1 left on base; Richardson City 0 - Chicago 0 |
TOP OF THE 3RD |
Richardson City Thundercats batting - Pitching for Chicago Gold Sox : LHP Keisuke Nishida
|
Batting: RHB Pedro Castillo
|
0-0: Called Strike 0-1: Foul Ball, location: 2F 0-2: Fly out, F8 (Flyball, 78M)
|
Batting: LHB Eduardo Álvarez
|
0-0: Called Strike 0-1: Foul Ball, location: 2F 0-2: Strikes out swinging
|
Batting: SHB Mitch Qualtrough
|
0-0: Ball 1-0: Ball 2-0: Ball 3-0: Called Strike 3-1: Called Strike 3-2: SINGLE (Groundball, 56D)
|
Batting: RHB Louis Gibbons
|
0-0: Ball 1-0: Called Strike 1-1: Ball 2-1: Fly out, F8 (Flyball, 8RS)
|
Top of the 3rd over - 0 runs, 1 hit, 0 errors, 1 left on base; Richardson City 0 - Chicago 0 |
BOTTOM OF THE 3RD |
Chicago Gold Sox batting - Pitching for Richardson City Thundercats : RHP Héctor Alarcon
|
Batting: LHB Ricardo Collazo
|
0-0: Ball 1-0: Ball 2-0: Ball 3-0: Called Strike 3-1: Called Strike 3-2: Ground out 5-3 (Groundball, 56)
|
Batting: RHB Hirohisa Ogasawara
|
0-0: Called Strike 0-1: Ball 1-1: Ball 2-1: Ball 3-1: Fly out, F7 (Flyball, 7LM)
|
Batting: LHB Stanley Belote
|
0-0: Ball 1-0: Foul Ball, location: 2F 1-1: Ball 2-1: Foul Ball, location: 2F 2-2: Foul Ball, location: 2F 2-2: Foul Ball, location: 2F 2-2: Ground out 4-3 (Groundball, 4)
|
Bottom of the 3rd over - 0 runs, 0 hits, 0 errors, 0 left on base; Richardson City 0 - Chicago 0 |
TOP OF THE 4TH |
Richardson City Thundercats batting - Pitching for Chicago Gold Sox : LHP Keisuke Nishida
|
Batting: RHB IV Seacat
|
0-0: Ball 1-0: Called Strike 1-1: Fly out, F7 (Flyball, 7S)
|
Batting: RHB Javier Rivera
|
0-0: Ball 1-0: Called Strike 1-1: Ball 2-1: Fly out, F7 (Line Drive, 78M)
|
Batting: RHB Tomás Martínez
|
0-0: Called Strike 0-1: Foul Ball, location: 2F 0-2: Ball 1-2: Ball 2-2: Strikes out swinging
|
Top of the 4th over - 0 runs, 0 hits, 0 errors, 0 left on base; Richardson City 0 - Chicago 0 |
BOTTOM OF THE 4TH |
Chicago Gold Sox batting - Pitching for Richardson City Thundercats : RHP Héctor Alarcon
|
Batting: LHB Noel Ballard
|
0-0: Called Strike 0-1: Called Strike 0-2: Foul Ball, location: 2F 0-2: Strikes out swinging
|
Batting: SHB Lupo Cotto
|
0-0: Swinging Strike 0-1: SINGLE (Groundball, 34S) (infield hit)
|
Batting: LHB Dewitt Hopper
|
0-0: Ball 1-0: Foul Ball, location: 2F 1-1: Called Strike 1-2: SINGLE (Line Drive, 4D) Lupo Cotto to second
|
Batting: RHB Manuel Guillama
|
0-0: Called Strike 0-1: Ball 1-1: Foul Ball, location: 2F 1-2: Ball 2-2: SINGLE (Flyball, 8LS) Lupo Cotto to third Dewitt Hopper to second Runner from 3rd tries for Home, SAFE, no throw
|
Batting: LHB Melvin Castro
|
0-0: Ball 1-0: Ball 2-0: Foul Ball, location: 2F 2-1: Ball 3-1: Base on Balls Dewitt Hopper to third Manuel Guillama to second
|
Batting: RHB Zeus Preckwinkle
|
0-0: Foul Ball, location: 2F 0-1: Called Strike 0-2: SINGLE (Line Drive, 78S) Dewitt Hopper scores Manuel Guillama to third Melvin Castro to second Runner from 3rd tries for Home, SAFE, throw made at trailing runner, OUT at third!
|
Batting: LHB Ricardo Collazo
|
0-0: Ball 1-0: Called Strike 1-1: Ground out 3-1 (Groundball, 34S)
|
Bottom of the 4th over - 3 runs, 4 hits, 0 errors, 1 left on base; Richardson City 0 - Chicago 3 |
TOP OF THE 5TH |
Richardson City Thundercats batting - Pitching for Chicago Gold Sox : LHP Keisuke Nishida
|
Batting: RHB Bruce Ingilby
|
0-0: Called Strike 0-1: SINGLE (Line Drive, 8RS)
|
Batting: RHB Anselmo Berneu
|
0-0: Ball 1-0: Fly out, F9 (Flyball, 89M)
|
Batting: RHB Pedro Castillo
|
0-0: SINGLE (Flyball, 78M) Bruce Ingilby to second
|
Batting: LHB Eduardo Álvarez
|
0-0: Called Strike 0-1: Ball 1-1: Swinging Strike 1-2: Foul Ball, location: 2F 1-2: Strikes out swinging
|
Batting: SHB Mitch Qualtrough
|
0-0: Ball Passed Ball! Bruce Ingilby to third Pedro Castillo to second 1-0: Foul Ball, location: 2F 1-1: Ball 2-1: Fly out, F8 (Flyball, 8RM)
|
Top of the 5th over - 0 runs, 2 hits, 0 errors, 2 left on base; Richardson City 0 - Chicago 3 |
BOTTOM OF THE 5TH |
Chicago Gold Sox batting - Pitching for Richardson City Thundercats : RHP Héctor Alarcon
|
Batting: RHB Hirohisa Ogasawara
|
0-0: Ball 1-0: Ball 2-0: Foul Ball, location: 2F 2-1: SINGLE (Groundball, 6MD)
|
Batting: LHB Stanley Belote
|
0-0: Ball 1-0: Called Strike 1-1: Called Strike 1-2: Ball 2-2: Grounds into double play, 4-6-3 (Groundball, 4)
|
Pitching: RHP Júlio Martínez
|
|
Batting: LHB Noel Ballard
|
0-0: Ball 1-0: Foul Ball, location: 2F 1-1: Ball 2-1: Called Strike 2-2: Foul Ball, location: 2F 2-2: Strikes out swinging
|
Bottom of the 5th over - 0 runs, 1 hit, 0 errors, 0 left on base; Richardson City 0 - Chicago 3 |
TOP OF THE 6TH |
Richardson City Thundercats batting - Pitching for Chicago Gold Sox : LHP Keisuke Nishida
|
Batting: RHB Louis Gibbons
|
0-0: Ground out 3-1 (Groundball, 34S)
|
Batting: RHB IV Seacat
|
0-0: Called Strike 0-1: Ground out 6-3 (Groundball, 6)
|
Batting: RHB Javier Rivera
|
0-0: Fly out, F8 (Flyball, 8LD)
|
Top of the 6th over - 0 runs, 0 hits, 0 errors, 0 left on base; Richardson City 0 - Chicago 3 |
BOTTOM OF THE 6TH |
Chicago Gold Sox batting - Pitching for Richardson City Thundercats : RHP Júlio Martínez
|
Batting: SHB Lupo Cotto
|
0-0: Ball 1-0: Ball 2-0: Fly out, F8 (Flyball, 8RM)
|
Batting: LHB Dewitt Hopper
|
0-0: Ball 1-0: Ball 2-0: Ball 3-0: Base on Balls
|
Batting: RHB Manuel Guillama
|
0-0: Called Strike 0-1: Called Strike 0-2: Ball 1-2: Ball 2-2: Strikes out swinging
|
Batting: LHB Melvin Castro
|
0-0: Ball 1-0: Called Strike 1-1: Swinging Strike 1-2: Foul Ball, location: 2F 1-2: DOUBLE (Flyball, 8LXD) Dewitt Hopper to third
|
Batting: RHB Zeus Preckwinkle
|
0-0: Foul Ball, location: 2F 0-1: Swinging Strike 0-2: Strikes out swinging
|
Bottom of the 6th over - 0 runs, 1 hit, 0 errors, 2 left on base; Richardson City 0 - Chicago 3 |
TOP OF THE 7TH |
Richardson City Thundercats batting - Pitching for Chicago Gold Sox : LHP Keisuke Nishida
|
Batting: RHB Tomás Martínez
|
0-0: Ball 1-0: Ball 2-0: Ball 3-0: Called Strike 3-1: Fly out, F3 (Popup, 34S)
|
Batting: RHB Bruce Ingilby
|
0-0: Called Strike 0-1: Ball 1-1: Foul Ball, location: 2F 1-2: Ground out U3 (Groundball, 34)
|
Batting: RHB Anselmo Berneu
|
0-0: Swinging Strike 0-1: SINGLE (Flyball, 9S)
|
Batting: RHB Pedro Castillo
|
0-0: Foul Ball, location: 2F 0-1: Ball 1-1: Ball 2-1: Foul Ball, location: 2F 2-2: SINGLE (Line Drive, 78M) Anselmo Berneu to second
|
Batting: LHB Eduardo Álvarez
|
0-0: Called Strike 0-1: Ball 1-1: Ball 2-1: Called Strike 2-2: Foul Ball, location: 2F 2-2: Strikes out swinging
|
Top of the 7th over - 0 runs, 2 hits, 0 errors, 2 left on base; Richardson City 0 - Chicago 3 |
BOTTOM OF THE 7TH |
Chicago Gold Sox batting - Pitching for Richardson City Thundercats : RHP Júlio Martínez
|
Batting: LHB Ricardo Collazo
|
0-0: Swinging Strike 0-1: Ball 1-1: Called Strike 1-2: Ball 2-2: Ground out U3 (Groundball, 3)
|
Batting: RHB Hirohisa Ogasawara
|
0-0: Ball 1-0: Fly out, F4 (Flyball, 34D)
|
Batting: LHB Stanley Belote
|
0-0: Ball 1-0: Ball 2-0: Ball 3-0: Called Strike 3-1: Fly out, F8 (Flyball, 89M)
|
Bottom of the 7th over - 0 runs, 0 hits, 0 errors, 0 left on base; Richardson City 0 - Chicago 3 |
TOP OF THE 8TH |
Richardson City Thundercats batting - Pitching for Chicago Gold Sox : LHP Keisuke Nishida
|
Batting: SHB Mitch Qualtrough
|
0-0: Ground out 4-3 (Groundball, 34D)
|
Batting: RHB Louis Gibbons
|
0-0: Swinging Strike 0-1: Foul Ball, location: 2F 0-2: Ball 1-2: Foul Ball, location: 2F 1-2: Ball 2-2: SINGLE (Line Drive, 3)
|
Pitching: RHP Bruce Wright
|
|
Batting: RHB IV Seacat
|
0-0: Called Strike 0-1: SINGLE (Groundball, 34) (infield hit) Louis Gibbons to second
|
Batting: RHB Javier Rivera
|
0-0: Foul Ball, location: 2F 0-1: Fly out, F6 (Popup, 6MS)
|
Batting: RHB Tomás Martínez
|
0-0: Foul Ball, location: 2F 0-1: Foul Ball, location: 2F 0-2: Ball 1-2: Foul Ball, location: 2F 1-2: Strikes out swinging
|
Top of the 8th over - 0 runs, 2 hits, 0 errors, 2 left on base; Richardson City 0 - Chicago 3 |
BOTTOM OF THE 8TH |
Chicago Gold Sox batting - Pitching for Richardson City Thundercats : RHP Júlio Martínez
|
Batting: LHB Noel Ballard
|
0-0: Ball 1-0: Foul Ball, location: 2F 1-1: Ball 2-1: Foul Ball, location: 2F 2-2: Ground out 5-3 (Groundball, 5S)
|
Batting: SHB Lupo Cotto
|
0-0: Called Strike 0-1: Called Strike 0-2: Ball 1-2: Foul Ball, location: 2F 1-2: Foul Ball, location: 2F 1-2: Ball 2-2: Foul Ball, location: 2F 2-2: Ball 3-2: Base on Balls
|
Batting: LHB Dewitt Hopper
|
0-0: Ball 1-0: Foul Ball, location: 2F 1-1: Ball 2-1: Called Strike 2-2: Ball 3-2: Fly out, F4 (Line Drive, 34)
|
Pitching: LHP Manuel Franco
|
|
Batting: RHB Manuel Guillama
|
0-0: Foul Ball, location: 2F 0-1: Ball 1-1: Ball 2-1: Called Strike 2-2: Ball 3-2: Base on Balls Lupo Cotto to second
|
Batting: LHB Melvin Castro
|
0-0: Fly out, F9 (Flyball, 9LS)
|
Bottom of the 8th over - 0 runs, 0 hits, 0 errors, 2 left on base; Richardson City 0 - Chicago 3 |
TOP OF THE 9TH |
Richardson City Thundercats batting - Pitching for Chicago Gold Sox : RHP Bruce Wright
|
Batting: RHB Bruce Ingilby
|
0-0: Fly out, F8 (Flyball, 8RD)
|
Batting: RHB Anselmo Berneu
|
0-0: Ball 1-0: Called Strike 1-1: Ball 2-1: Ball 3-1: Called Strike 3-2: Ground out 3-1 (Groundball, 34S)
|
Batting: RHB Pedro Castillo
|
0-0: Ball 1-0: Called Strike 1-1: Swinging Strike 1-2: Ball 2-2: Strikes out swinging
|
Top of the 9th over - 0 runs, 0 hits, 0 errors, 0 left on base; Richardson City 0 - Chicago 3 |
|